Cogmind - Beta 13 @@@ ROGUE MODE // 2024.05.07 @ 22:36:28 Player: Matters Result: Destroyed by Piercing Trap Performance ------------- Evolutions (0) 0 Regions Visited (3) 600 Robots Destroyed (32) 160 Value Destroyed (531) 531 Prototype IDs (2) 40 Alien Tech Used (0) 0 Bonus (-1) -1 TOTAL SCORE: 1330 Bonus ------- Follower Combat Kills 60 Friendly Fire -61 Cogmind --------- Core Integrity 0/250 Matter 286/300 Energy 196/200 System Corruption 2% Temperature Cool (2) Movement Treading (160) Location -10/Subcaves Parts ------- > --- POWER (1) -------- Subdweller Power Source > --- PROPULSION (2) --- Improved Treads Improved Treads > --- UTILITY (2) ------ Large Storage Unit Targeting Computer > --- WEAPON (2) ------- Barrage Gun Battle Cannon > --- INVENTORY (15) --- Makeshift Power Source Carbon-fiber Leg Subdweller Monowheel High-capacity Storage Unit High-capacity Matter Pod (200) Signal Interpreter Improved Terrain Scanner Scrap Shield Subdweller Beam Cannon Slug Cannon Heavy Explosive Trap Scrap Shield Fragment (49) Scrap Shield Fragment (49) Scrap Shield Fragment (45) Peak State ------------ > --- POWER ------------ Subdweller Power Source > --- PROPULSION ------- Improved Treads Improved Treads > --- UTILITY ---------- Large Storage Unit Targeting Computer > --- WEAPON ----------- Riot Gun Barrage Gun > --- INVENTORY -------- Subdweller Power Source Carbon-fiber Leg High-capacity Storage Unit High-capacity Matter Pod Signal Interpreter Improved Terrain Scanner Scrap Shield Heavy Explosive Trap Heavy Explosive Trap Scrap Shield Fragment Scrap Shield Fragment Scrap Shield Fragment [Rating: 16] Favorites ----------- Power Ion Engine Engine Ion Engine Propulsion Improved Treads Treads Improved Treads Leg Aluminum Leg Utility Targeting Computer Storage Large Storage Unit Processor Targeting Computer Weapon Assault Rifle Energy Gun Medium Laser Ballistic Gun Assault Rifle Ballistic Cannon Battle Cannon Launcher Grenade Launcher Build | -11 -10 -10 -10 ------- Run | Yrd Mat Min Sub Slots Evolved . | . . . . Power . | . . . . Propulsion . | . . . . Utility . | . . . . Weapon . | . . . . Parts Attached 35 | 7 15 2 11 Power 5 | 2 . . 3 Engine 5 | 2 . . 3 Core . | . . . . Reactor . | . . . . Propulsion 9 | 2 4 . 3 Treads 7 | . 4 . 3 Leg 2 | 2 . . . Wheel . | . . . . Hover . | . . . . Flight . | . . . . Utility 6 | 1 5 . . Device . | . . . . Storage 5 | 1 4 . . Processor 1 | . 1 . . Hackware . | . . . . Protection . | . . . . Artifact . | . . . . Weapon 15 | 2 6 2 5 Energy Gun 5 | . 3 1 1 Energy Cannon . | . . . . Ballistic Gun 7 | 2 2 . 3 Ballistic Cannon 1 | . . . 1 Launcher 2 | . 1 1 . Special Weapon . | . . . . Impact Weapon . | . . . . Slashing Weapon . | . . . . Piercing Weapon . | . . . . Special Melee Weapon . | . . . . Unidentified Prototypes . | . . . . Parts Lost 4 | . . 1 3 Power . | . . . . Propulsion 2 | . . . 2 Utility . | . . . . Weapon 2 | . . 1 1 Highest Loss Streak 2 | . . 1 2 To Critical Strikes . | . . . . Average Slot Usage (%) 99 | . 99 100 99 Engine 13 | . 14 14 13 Treads 24 | . 15 28 27 Leg 2 | . 11 . . Storage 14 | . 14 14 14 Processor 13 | . 13 14 14 Energy Gun 11 | . 12 13 10 Ballistic Gun 14 | . 14 14 13 Ballistic Cannon 2 | . . . 3 Naked Turns . | . . . . Heaviest Build 49 | 13 49 30 31 Greatest Support 46 | 20 46 46 46 Greatest Overweight (x) 4 | 4 4 . 1 Average Overweight (x) . | . . . . Largest Inventory Capacity 20 | 8 20 15 15 Average Capacity 13 | 7 9 15 15 Most Carried 15 | 4 10 14 15 Average Carried 12 | 3 7 12 14 Final Capacity 15 | 8 15 15 15 Final Carried 15 | 4 8 14 15 Class Distribution -------------------- 100% | Mutant Dominant Class ---------------- Mutant | -10/Materials Mutant | -10/Mines Mutant | -10/Subcaves Resources | -11 -10 -10 -10 ----------- Run | Yrd Mat Min Sub Matter Collected 1136 | 222 225 288 401 Remotely . | . . . . Salvage Created 571 | . 285 144 142 Parts 64 | . 34 17 13 Haulers Intercepted . | . . . . Recyclers Shooed . | . . . . Parts Field Recycled . | . . . . Retrieved Matter . | . . . . Parts Self-Destructed 8 | . . . 8 Prevented 2 | . . . 2 Kills | -11 -10 -10 -10 ------- Run | Yrd Mat Min Sub Combat Hostiles Destroyed 23 | . 12 5 6 Guns 18 | . 7 5 6 AOE 5 | . 5 . . Classes Destroyed 9 | . 6 1 2 Worker 1 | . . 1 . Builder 4 | . 3 1 . Tunneler 1 | . 1 . . Mechanic 1 | . 1 . . Watcher 2 | . 2 . . Swarmer 15 | . 9 3 3 Grunt 5 | . 3 2 . Sentry 1 | . . . 1 Subdweller 2 | . . . 2 Best Kill Streak 11 | . 11 3 3 Combat Bots Only 5 | . 5 3 3 Max Kills in Single Turn 4 | . 4 2 2 Gunslinging 1 | . . . 1 Exploded 2 | . 2 . . Melee . | . . . . Uniques/NPCs Destroyed . | . . . . Combat | -11 -10 -10 -10 -------- Run | Yrd Mat Min Sub Hostile Shots Fired 170 | . 64 30 76 Missed 62 | . 18 20 24 Damage Taken 1419 | . 508 144 767 Core 253 | . 55 34 164 Absorbed by Shields . | . . . . Core Remaining (%) 100 | 100 . . . Volleys Fired 70 | . 28 10 32 Largest 2 | . 2 2 2 Hottest 78 | . 70 70 78 Shots Fired 129 | . 55 21 53 Gun 113 | . 48 19 46 Cannon 7 | . . . 7 Launcher 9 | . 7 2 . Special . | . . . . Kinetic 71 | . 28 11 32 Thermal 32 | . 20 8 4 Explosive 9 | . 7 2 . Electromagnetic 17 | . . . 17 Robot Hit Streak 12 | . 10 9 12 Robot Miss Streak 3 | . 3 3 2 Penetration Max . | . . . . Secondary Targets 2 | . 1 . 1 Max Gunslinging Chain 1 | . 1 . 1 Shots Hit Robots 77 | . 25 14 38 Core Hits 50 | . 24 10 16 Critical Kills . | . . . . Critical Parts Destroyed 1 | . 1 . . Critical Strikes 2 | . 2 . . Burn 1 | . 1 . . Destroy 1 | . 1 . . Melee Attacks . | . . . . Impact . | . . . . Slashing . | . . . . Piercing . | . . . . Sneak Attacks . | . . . . Combat Hostiles . | . . . . Follow-up Attacks . | . . . . Damage Inflicted 1782 | . 827 268 687 Guns 1150 | . 373 167 610 Cannons 77 | . . . 77 Explosions 555 | . 454 101 . Melee . | . . . . Ramming . | . . . . Kinetic 680 | . 209 81 390 Thermal 275 | . 164 86 25 Explosive 555 | . 454 101 . Electromagnetic 272 | . . . 272 Impact . | . . . . Slashing . | . . . . Piercing . | . . . . Highest Corruption 2 | . 2 2 2 Average Corruption 1 | . 1 2 2 Corruption Purged . | . . . . Corruption Blocked . | . . . . Effects 55 | . 5 17 33 Message Errors 10 | . 1 2 7 Matter Fused 11 | . . 5 6 Heat Flow Errors 9 | . . 2 7 Energy Discharges 12 | . 3 5 4 Parts Fused 1 | . . . 1 Data Loss (minor) 3 | . 1 . 2 Data Loss (major) 2 | . . 1 1 Misfires 5 | . . 2 3 Alerts 1 | . . . 1 Weapon Failures 1 | . . . 1 Overload Shots . | . . . . Overflow Damage . | . . . . Projectiles . | . . . . Explosions . | . . . . Melee . | . . . . Knockbacks . | . . . . Impact . | . . . . Kinetic . | . . . . Secondary . | . . . . Self-Inflicted Damage 91 | . 91 . . Shots 3 | . 3 . . Rammed . | . . . . Targets Rammed . | . . . . Kicked . | . . . . Crushed . | . . . . Highest Temperature 217 | . 99 217 177 Average Temperature 47 | . 31 61 62 Received Heat Transfer 315 | . 84 48 183 Siege Activations . | . . . . Robots Corrupted . | . . . . Combat Hostiles . | . . . . Parts Fried . | . . . . Impact Corruptions . | . . . . Robots Melted . | . . . . Combat Hostiles . | . . . . Parts Melted 2 | . 2 . . Heat Transferred 888 | . 555 259 74 Parts Sabotaged . | . . . . Parts Stolen . | . . . . Parts Stripped . | . . . . Power Chain Reactions . | . . . . Alert | -11 -10 -10 -10 ------- Run | Yrd Mat Min Sub Peak Influence 240 | . 240 187 . Initial 49 | . . 49 . Average 75 | . 118 33 . Maximum Alert Level 1 | . 1 . . Low Security (%) 85 | 100 71 100 . Level 1 14 | . 28 . . Level 2 . | . . . . Level 3 . | . . . . Level 4 . | . . . . Level 5 . | . . . . High Security . | . . . . Max Security . | . . . . Squads Dispatched 2 | . 2 . . Investigation 2 | . 2 . . Extermination . | . . . . Reinforcement . | . . . . Assault . | . . . . Garrison . | . . . . Intercept . | . . . . Searches Triggered . | . . . . Construction Impeded . | . . . . Haulers Reinforced . | . . . . Active Scanning Responses . | . . . . Cargo Convoy Interrupts . | . . . . Stealth | -11 -10 -10 -10 --------- Run | Yrd Mat Min Sub Distress Signals 3 | . 3 . . Communications Jammed . | . . . . Distress Signals . | . . . . Times Spotted 53 | . 21 7 25 Peak Tracking Total 4 | . 4 3 2 Tactical Retreats 2 | . 1 . 1 Traps | -11 -10 -10 -10 ------- Run | Yrd Mat Min Sub Traps Triggered 5 | . 4 . 1 Indirectly . | . . . . Trap Hack Attempts . | . . . . Triggered . | . . . . Disarmed . | . . . . Reprogrammed . | . . . . Reused 2 | . . 1 1 Traps Extracted . | . . . . Installed 2 | . . 1 1 Triggered 2 | . . 1 1 Most Traps Carried 5 | . . 5 4 Machines | -11 -10 -10 -10 ---------- Run | Yrd Mat Min Sub Machines Disabled . | . . . . Max in Single Turn . | . . . . Machines Repaired . | . . . . Machines Dismantled . | . . . . Machines Sabotaged . | . . . . Overloaded Fab Kills . | . . . . Hacking | -11 -10 -10 -10 --------- Run | Yrd Mat Min Sub Machines Accessed 11 | . 10 . 1 Terminals 8 | . 8 . . Fabricators . | . . . . Repair Stations . | . . . . Recycling Units 2 | . 2 . . Scanalyzers . | . . . . Garrison Access . | . . . . Total Hacks 27 | . 25 . 2 Successful 15 | . 13 . 2 Failed 12 | . 12 . . Catastrophic 3 | . 3 . . Database Lockouts . | . . . . Manual 1 | . . . 1 Terminals 21 | . 21 . . Fabricators . | . . . . Repair Stations . | . . . . Recycling Units 4 | . 4 . . Scanalyzers . | . . . . Garrison Access . | . . . . Terminal Hacks 13 | . 11 . 2 Record 2 | . . . 2 Prototype ID Bank 1 | . 1 . . Emergency Access Points 1 | . 1 . . Terminal Index 1 | . 1 . . Alert Level 1 | . 1 . . Transport Status 1 | . 1 . . Recall Investigation 1 | . 1 . . Hauler Manifests 2 | . 2 . . Registered Components 1 | . 1 . . Zone Layout 2 | . 2 . . Fabricator Hacks . | . . . . Repair Station Hacks . | . . . . Recycling Unit Hacks 2 | . 2 . . Report Inventory 2 | . 2 . . Scanalyzer . | . . . . Garrison Access Hacks . | . . . . Unauthorized Hacks . | . . . . Terminals . | . . . . Fabricators . | . . . . Repair Stations . | . . . . Recycling Units . | . . . . Scanalyzers . | . . . . Garrison Access . | . . . . Data Cores Recovered . | . . . . Used . | . . . . Hacking Detections 8 | . 8 . . Full Trace Events . | . . . . Feedback Events . | . . . . Feedback Blocked . | . . . . Robot Schematics Acquired . | . . . . Robots Built . | . . . . Authchips . | . . . . Time . | . . . . Total Robot Build Rating . | . . . . Part Schematics Acquired . | . . . . Parts Built . | . . . . Authchips . | . . . . Time . | . . . . Total Part Build Rating . | . . . . Parts Repaired . | . . . . Time . | . . . . Parts Recycled . | . . . . Recycled Matter . | . . . . Retrieved Matter . | . . . . Retrieved Components . | . . . . Parts Scanalyzed . | . . . . Part Schematics Acquired . | . . . . Parts Damaged . | . . . . Bothacking | -11 -10 -10 -10 ------------ Run | Yrd Mat Min Sub Used RIF Installer . | . . . . Robots Hacked . | . . . . Non-combat . | . . . . Combat . | . . . . Robot Hacks Applied . | . . . . Relay Couplers Released . | . . . . Fabnet Peak Effective % . | . . . . Robots Rewired . | . . . . Allies Hacked . | . . . . Hacks Repelled . | . . . . Allies | -11 -10 -10 -10 -------- Run | Yrd Mat Min Sub Total Allies 3 | . . 3 . Largest Group 3 | . . 3 3 Highest-Rated Group 40 | . . 40 40 Highest-Rated Ally 16 | . . 16 16 Total Orders 6 | . . . 6 STAY 4 | . . . 4 FOLLOW 2 | . . . 2 Ally Attacks 25 | . . . 25 Total Damage 291 | . . . 291 Kills 2 | . . . 2 Allies Corrupted . | . . . . Allies Melted . | . . . . Intel | -11 -10 -10 -10 ------- Run | Yrd Mat Min Sub Robot Analysis Total . | . . . . Derelict Logs Recovered 2 | . . 1 1 Drone Launches . | . . . . Drone Recoveries . | . . . . Exploration | -11 -10 -10 -10 ------------- Run | Yrd Mat Min Sub Turns Passed 5605 | 72 1293 1209 3031 Spaces Moved 3355 | 48 808 715 1784 Core 23 | 19 4 . . Treads 2902 | . 403 715 1784 Legs 430 | 29 401 . . Wheels . | . . . . Hover . | . . . . Flight . | . . . . Fastest Speed 50 | 50 120 160 160 Average Speed 156 | 120 142 160 162 Slowest Speed 250 | 250 250 160 240 Overloaded Moves . | . . . . Propulsion Burnouts . | . . . . Robots Hopped . | . . . . Cave-ins Triggered . | . . . . Exploration Rate (%) 66 | 3 90 101 71 Regions Visited 3 Branch Regions 2 Pre-discovered Areas 2 | . . . 2 Known Exits Taken . | . . . . Unknown Exits Taken 3 | 1 1 1 . Scrap Searched 7 | . . 1 6 Spaces Dug . | . . . . Terrain Destroyed 66 | . 48 18 . Melee . | . . . . Projectile . | . . . . AOE 66 | . 48 18 . Terrain Rammed . | . . . . Walls Destroyed . | . . . . Machines Disabled . | . . . . Actions | -11 -10 -10 -10 --------- Run | Yrd Mat Min Sub Total 3595 | 59 898 761 1877 Wait 59 | . 20 25 14 Move 3352 | 47 807 714 1784 Hop . | . . . . Pick Up 41 | 5 12 8 16 Fast Attach 11 | 4 4 . 3 Attach 7 | 2 2 1 2 Detach 2 | . 2 . . Swap 17 | 1 9 1 6 Drop 32 | . 14 1 17 Fire 70 | . 28 10 32 Melee . | . . . . Ram . | . . . . Kick . | . . . . Crush . | . . . . Escape Stasis . | . . . . Rewire 2 | . . . 2 Trap 2 | . . 1 1 Miscellaneous . | . . . . Route ------- -11/Scrapyard -10/Materials (discovered 5 exits: [*Mat x3] / [*Min x2]) -10/Mines (discovered 3 exits: [*Mat x2] / *Sub) -10/Subcaves (discovered 2 exits: [*Mat] / [*Rec]) History --------- Turn | Location | Event 6 | -11/Scrapyard | Discovered new exit (range 16) 73 | -11/Scrapyard | Entered Materials 310 | -10/Materials | Build established: Mutant 372 | -10/Materials | Discovered new exit (range 16) 474 | -10/Materials | Discovered new exit (range 11) 497 | -10/Materials | Discovered new exit (range 16) 697 | -10/Materials | Discovered new exit (range 15) 1217 | -10/Materials | Discovered new exit (range 16) 1366 | -10/Materials | Entered Mines 1408 | -10/Mines | Met a Derelict bent on vengeance 1576 | -10/Mines | Found a hidden stash of uninstalled traps 1934 | -10/Mines | Discovered new exit (range 6) 1995 | -10/Mines | Discovered new exit (range 13) 2016 | -10/Mines | Assisted by bots powering up and referring to "LRC-V3" 2432 | -10/Mines | Discovered new exit (range 6) 2575 | -10/Mines | Entered Subcaves 2575 | -10/Subcaves | Accompanied by 3 allies 2580 | -10/Subcaves | Learned Materials stockpile data 2607 | -10/Subcaves | Shifting Twisted Machinery released Sub. Monowheel 2710 | -10/Subcaves | A swath of the cavern ceiling suddenly collapsed 2796 | -10/Subcaves | Visited Clippyterm 2801 | -10/Subcaves | Learned location of Extension (-4) 3312 | -10/Subcaves | Shifting Twisted Machinery released Riot Gun 3405 | -10/Subcaves | Disturbed a concealed Subdweller 3627 | -10/Subcaves | Shifting Twisted Machinery released Spk. Treads 3649 | -10/Subcaves | Shifting Twisted Machinery released Slug Cannon 3786 | -10/Subcaves | Discovered new exit (range 4) 4151 | -10/Subcaves | Core integrity fell below 50% 4324 | -10/Subcaves | A swath of the cavern ceiling suddenly collapsed 4489 | -10/Subcaves | Discovered new exit (range 14) 4827 | -10/Subcaves | Core integrity fell below 20% 5153 | -10/Subcaves | Learned location of Zion (-7) 5153 | -10/Subcaves | Met a Zionite searching for "candidates" 5277 | -10/Subcaves | Shifting Twisted Machinery released Flamer 5280 | -10/Subcaves | Shifting Twisted Machinery released Battle Rifle 5606 | -10/Subcaves | Destroyed by Piercing Trap Last Messages --------------- 05071_ System corrupted: Heat flow error (+161). 05088_ Dropped Riot Gun. 05099_ Acquired Sub. Beam Cannon. 05135_ 59-HQL(z): "She is not going to be happy we haven't found any suitable candidates yet." 05148_ E=U:RBRPT 5G3DX> GC 05606_ Triggered Piercing Trap. 05606_ Spikes shoot up from the floor. 05606_ Critical hit (Impale). Map ----- +----------------------------------------------------+ | ???????????????????????????????????### ## | | ???????????????????????????????????# | | ???????????????????????????????????# | | ???????????????????????????????????# | | ???????????????????????????????????## | | ????????????????????????????????????# | | ????????????????????????????????????# ## | | ????????????????????????????????????# ## | | ????????????????????????????????????# *# | | ????????????????????????????????????# &% | | ????????????????????????????????????## #&% | | ????????????????????????????????????# #### | | ????????????????????????????????????## ## | | ????????????????????????????????????# ## | | ????????????????????????????????????# ## | | ????????????????###?????????????????## # | | ???????????????## ?????????????????## # | | ??????????????## ????????????????## | | ??????????????# ????????????????# | | ??????????????# ????????????????# ## | | ??????????????# #????????????????# # | | ??????????????# #?????????????##### | | ???????????????#^ ##??#####????## ### # # | | ???????????????# ^ #### #????# ### | | ???????????????# ####### # ## | | ???????????????# ^ @ # # ## # | | ???????????????## ### # | | ????????????????# #### " | | ???????????????## ### # """" | | ???????????????# ### ## "# "" # | | ???????????????## # # ""######### | | ???????????????## ## """ #?####?? | | ???????????????# ### #### ### | | ???????????????# #### # ### | | ???????????????## #?# # ## | | ????????????????# #?# #?# # | | ????????????????# #?### ##?# # | | ????????????????## #### ### # | | ?????????????????### ## # | | ???????????????????## | | ????????????????????# | | ????????????????????# | | ????????????????????# ### # | | ????????????????????##### ####### ##?###### | | ????????????????????????###?????####???????? | | ???????????????????????????????????????????? | | ???????????????????????????????????????????? | | ???????????????????????????????????????????? | | ???????????????????????????????????????????? | | ???????????????????????????????????????????? | +----------------------------------------------------+ Best States ------------- Heat Dissipation 25 Energy Generation 15 Energy Capacity 250 Matter Stores 300 Matter Capacity 300 Sight Range 16 Terrain Scan Density 10 Evasion (%) 55 Targeting Accuracy 5 Recoil Reduction 2 Item Schematics ----------------- None Robot Schematics ------------------ None Fabricated ------------ Nothing Alien Tech Used ----------------- None Achievements -------------- GoHome() Challenges ------------ None Game ------ Seed CoolantConcussiveDoomcannon Manual? 0 Play Time 00:51:21 Cumulative 5.9 hours Start 2024.05.07 @ 21:01:42 End 2024.05.07 @ 22:36:28 Sessions 1 Manual Loads 0 Difficulty Rogue Special Mode None Game No. 6 Rogue 6 Adventurer 0 Explorer 0 Win Type - Total 0 Types 0/0/0/0/0/0/0/0/0 Lore% 12 Gallery% 11 Achievement% 10 Wizard Run 0 Options --------- Layout 0 ASCII 0 Keyboard 0 Movement Numpad Keybinds 0 Fullscreen 1 Font 18/SmallcapsGlow Map View 76x50 Zoom Use 26% Tactical HUD 1 Map Filters NONE Filters NONE Steam X RUN: 73e9b5f6-7dcf-44c1-8eb1-0058ba93ae29